 Dungeon Crawl Stone Soup version 0.28.0-43-g3370ac3207 (webtiles) character file.

Game seed: 483324059981224314

590 sizableburger the Caller (level 7, 0/41 HPs)
             Began as an Octopode Summoner on Mar 8, 2022.
             Slain by an acid dragon (2 damage)
             ... on level 6 of the Dungeon.
             The game lasted 00:13:02 (6088 turns).

sizableburger the Caller (Octopode Summoner)        Turns: 6088, Time: 00:13:02

Health: 0/41       AC:  1    Str:  9    XL:     7   Next: 39%
Magic:  10/12      EV: 14    Int: 18    God:
Gold:   241        SH:  0    Dex: 12    Spells: 1/13 levels left

rFire   . . .      SeeInvis .   n - +0 halberd
rCold   . . .      Faith    .   (shield currently unavailable)
rNeg    . . .      Spirit   .   (helmet restricted)
rPois   .          Reflect  .   (no amulet)
rElec   .          Harm     .   t - +4 ring of protection
rCorr   .          Rampage  .   (no ring)
Will    .....                   (no ring)
Stlth   +++.......              (no ring)
HPRegen 0.13/turn               (no ring)
MPRegen 0.13/turn               (no ring)
                                (no ring)
                                (no ring)

@: corroded, flying
A: almost no armour, amphibious, 8 rings, camouflage 1, gelatinous body 1,
(nimble swimmer 1), tentacles
a: no special abilities


You were on level 6 of the Dungeon.
You visited 1 branch of the dungeon, and saw 6 of its levels.

You collected 241 gold pieces.

Inventory:

Hand Weapons
 n - a +0 halberd (weapon)
Magical Staves
 i - a staff of earth
Jewellery
 t - a +4 ring of protection (left tentacle)
Wands
 k - a wand of iceblast (12)
Scrolls
 a - a scroll of noise {unknown}
 e - a scroll of brand weapon {unknown}
 f - a scroll of teleportation {unknown}
 g - 2 scrolls of summoning {unknown}
 h - a scroll of immolation {unknown}
 l - 3 scrolls of amnesia {unknown}
 p - a scroll of holy word {unknown}
 q - 2 scrolls of identify {unknown}
 r - a scroll of fear {unknown}
 s - a scroll of magic mapping {unknown}
 u - 2 scrolls of enchant armour {unknown}
Potions
 b - a potion of brilliance {unknown}
 c - a potion of heal wounds {unknown}
 d - a potion of curing {unknown}
 j - a potion of attraction {unknown}
 m - a potion of flight
 o - a potion of haste {unknown}


   Skills:
 + Level 4.0 Polearms
 - Level 4.7 Dodging
 - Level 2.6 Stealth
 + Level 3.6 Spellcasting
 - Level 5.0 Summonings
 + Level 0.5 Transmutations


You had one spell level left.
You knew the following spells:

 Your Spells              Type           Power      Damage    Failure   Level
a - Summon Small Mammal   Summ           84%        N/A       1%          1
b - Call Imp              Summ           21%        N/A       3%          2
c - Call Canine Familiar  Summ           21%        N/A       6%          3
d - Wereblood             Tmut           5%         N/A       19%         2
e - Summon Lightning Spi  Summ/Air       12%        N/A       50%         4

Your spell library contained the following spells:

 Spells                   Type           Power      Damage    Failure   Level
 Beastly Appendage        Tmut           10%        N/A       12%         1
 Animate Skeleton         Necr           6%         N/A       16%         1
 Pain                     Necr           12%        1d4       16%         1
 Slow                     Hex            12%        N/A       16%         1
 Summon Guardian Golem    Hex/Summ       12%        N/A       17%         3
 Spider Form              Tmut/Pois      4%         N/A       38%         3
 Confusing Touch          Hex            3%         N/A       43%         3
 Vampiric Draining        Necr           3%         2d6       43%         3


Dungeon Overview and Level Annotations

Branches:
Dungeon (6/15)
 Temple: D:4-7

Altars:

Shops:
D:3 =   D:4 *


Innate Abilities, Weirdness & Mutations

You cannot wear most types of armour.
You are amphibious.
You can wear up to eight rings at the same time.
Your skin changes colour to match your surroundings (Stealth+).
Your rubbery body absorbs attacks. (AC +1, EV +1)
((You are camouflaged when in or above water. (Stealth+)))
You have tentacles for arms and can constrict up to eight enemies at once.


Message History

Your crimson imp blinks!
Your crimson imp blinks!
Something hits your crimson imp! Something freezes your crimson imp.
There is a stone staircase leading down here.
Your crimson imp blinks!
Your crimson imp blinks!
There is a stone staircase leading down here.
You climb downwards.
Found a book of Necromancy and 16 stones.
There is a stone staircase leading up here.
An ufetubus is nearby!
You pick up a book of Necromancy and begin reading...
You add the spells Pain and Animate Skeleton to your library.
There are no items here.
No target in view!
No target in view!
An acid dragon comes into view.
You reach to attack!
The helpless ufetubus fails to defend itself.
You slash the ufetubus!
You kill the ufetubus!
The acid dragon roars!
You hit the acid dragon.
The acid dragon is moderately wounded.
The acid dragon barely misses you. The acid dragon claws you.
An adder comes into view.
Casting: Call Canine Familiar (dangerous; 6% risk of failure)
Confirm with . or Enter, or press ? or * to list all spells.
A beastly little devil appears in a puff of frigid air.
The adder hisses angrily.
The acid dragon spits acid at you. The splash of acid hits you!!
Ouch! That really hurt!
* * * LOW HITPOINT WARNING * * *
The acid corrodes you!
Okay, then.
It was a potion of flight.
You feel very buoyant.
You fly up into the air.
The acid dragon bites you.
You die...

#......#
##...<..#
(.........#
#####.....#
#.....#
#.....#
###+#.# #.#
#@# #D# #5#
#S# #.# ..#
#.# #.#


You could see an acid dragon (catching breath, ally target), an adder and a
friendly white imp (summoned).

Vanquished Creatures
  A phantom (D:4)
  A water moccasin skeleton (D:5)
  A howler monkey (D:5)
  2 bullfrog skeletons
  3 adders
  3 gnolls (D:4)
  A shadow imp (D:4)
  2 ufetubi
  A worm (D:2)
  2 dart slugs (D:5)
  4 bats
  11 endoplasms
  2 giant cockroaches
  7 goblins
  3 hobgoblins
  7 jackals
  7 kobolds
  3 quokkas
  8 ball pythons
  2 frilled lizards
  7 rats
78 creatures vanquished.

Vanquished Creatures (collateral kills)
  An ice beast (D:5)
  A jelly (D:4)
  Robin (D:2)
  6 gnolls
  An adder (D:4)
  A ball python (D:4)
  A giant cockroach (D:1)
  3 goblins (D:2)
  3 hobgoblins
  A quokka (D:4)
  A bat (D:2)
  A rat (D:1)
21 creatures vanquished.

Grand Total: 99 creatures vanquished

Notes
Turn   | Place    | Note
-------+----------+-------------------------------------------
     0 | D:1      | sizableburger the Octopode Summoner began the quest for the
                  | Orb.
     0 | D:1      | Reached XP level 1. HP: 11/11 MP: 3/3
   503 | D:1      | Reached XP level 2. HP: 15/17 MP: 1/5
   659 | D:1      | Learned a level 2 spell: Call Imp
  1259 | D:2      | Reached XP level 3. HP: 11/21 MP: 6/6
  1444 | D:2      | Identified the +2 hand axe of the First Lives {protect, rC-
                  | rN+ Int+4 Dex+7}
  1520 | D:2      | Reached skill level 1 in Polearms
  1617 | D:2      | Reached XP level 4. HP: 16/27 MP: 7/7
  1746 | D:2      | Learned a level 3 spell: Call Canine Familiar
  1770 | D:2      | Noticed Robin
  1777 | D:2      | Killed Robin
  1813 | D:2      | HP: 1/27 [poisoned by a goblin]
  2692 | D:3      | Found Avifarr's One-of-a-Kind Rings.
  2745 | D:3      | Reached XP level 5. HP: 31/31 MP: 1/8
  2749 | D:3      | Reached skill level 5 in Summonings
  3988 | D:4      | Found Nuliet's General Store.
  4132 | D:4      | Noticed a phantom
  4135 | D:4      | Noticed a nameless horror
  4157 | D:5      | Entered Level 5 of the Dungeon
  4334 | D:5      | Noticed an ice beast
  4348 | D:5      | Killed an ice beast
  4349 | D:5      | Reached XP level 6. HP: 36/36 MP: 3/10
  4826 | D:5      | Reached XP level 7. HP: 41/41 MP: 11/11
  5260 | D:4      | Identified the +2 leather armour "Myutent" {rF+++ Regen+
                  | Slay-4}
  5702 | D:4      | Learned a level 2 spell: Wereblood
  5707 | D:4      | Learned a level 4 spell: Summon Lightning Spire
  6087 | D:6      | HP: 2/41 [acid dragon/splash of acid (23)]
  6088 | D:6      | Slain by an acid dragon

Illustrated notes

Levels and vault maps discovered:
D:1:      lightli_arrival_lavapool, layout_rooms
D:2:      layout_basic, uniq_robin
D:3:      layout_basic, minivault_24, nicolae_shop_unique_rings
D:4:      layout_gridville, serial_shops, shop
D:5:      layout_basic, grunt_decor_junction
D:6:      layout_basic, ebering_ghost_sewer_d

Skill      XL: |  1  2  3  4  5  6  7 |
---------------+----------------------+-----
Polearms       | 1 2 3 4 |  4.0
Dodging        | 3 4 |  4.7
Summonings     | 5 |  5.0
Spellcasting   | 3 |  3.6
Stealth        | |  2.6
Transmutations | |  0.5

Action                   |  1- 3 |  4- 6 |  7- 9 || total
-------------------------+-------+-------+-------++-------
Melee: Unarmed           |    21 |       |       ||    21
       Constrict         |    20 |    23 |     4 ||    47
       Tentacles         |    23 |    18 |     5 ||    46
       Spear             |    49 |    49 |       ||    98
       Dagger            |     2 |       |       ||     2
       Punch             |       |     1 |       ||     1
       Halberd           |       |    67 |    45 ||   112
 Cast: Summon Small Mamm |     6 |     1 |       ||     7
       Call Imp          |     3 |     5 |     4 ||    12
       Call Canine Famil |       |     8 |     9 ||    17
  Use: Potion            |       |       |     1 ||     1
 Stab: Sleeping          |     6 |    16 |     3 ||    25
Armor: Skin              |     4 |     8 |     7 ||    19
Dodge: Dodged            |    52 |    58 |    48 ||   158
